 Dungeon Crawl Stone Soup version 0.26-a0-833-g7262b39652 (webtiles) character file.

Game seed: 3897216512897396954

130 Descartes the Covert (level 4, -3/21 HPs)
             Began as a Felid Delver on Nov 16, 2020.
             Slain by Grinder (10 damage)
             ... while paralysed by Grinder
             ... on level 4 of the Dungeon.
             The game lasted 00:02:53 (600 turns).

Descartes the Covert (Felid Delver)                  Turns: 600, Time: 00:02:53

Health: -3/21      AC:  1    Str:  9    XL:     4   Next: 89%
Magic:  5/5        EV:  4    Int: 11    God:
Gold:   0          SH:  0    Dex: 18    Spells: 3/3 levels left
                                        Lives:  0   Deaths: 1

rFire    . . .     SeeInvis +     - Unarmed
rCold    . . .     Faith    .   (shield unavailable)
rNeg     . . .     Spirit   .   (armour unavailable)
rPois    .         Reflect  .   (helmet unavailable)
rElec    .         Harm     .   (cloak unavailable)
rCorr    .         Rampage  .   (gloves unavailable)
MR       .....                  (boots unavailable)
Stlth    +++++.....             (no amulet)
HPRegen  0.07/turn              (no ring)
MPRegen  0.09/turn              (no ring)

@: paralysed, quick
A: very small, no armour, no weapons or thrown items, stealth, claws 1, fangs 3,
see invisible, speed 1, shaggy fur 1, sharp paws
a: no special abilities


You were on level 4 of the Dungeon.
You visited 1 branch of the dungeon, and saw 3 of its levels.

Inventory:

Wands
 e - a wand of digging (3)
Scrolls
 a - a scroll of fog
 b - a scroll of magic mapping
 c - a scroll of fear
 f - a scroll of enchant weapon {unknown}
Potions
 d - a potion of heal wounds {unknown}
 g - a potion of mutation {unknown}
 h - a potion of ambrosia {unknown}


   Skills:
 - Level 3.0 Fighting
 + Level 3.3 Dodging
 + Level 9.9 Stealth
 + Level 2.4 Unarmed Combat


You had 3 spell levels left.
You didn't know any spells.
Your spell library was empty.

Dungeon Overview and Level Annotations

Branches:
Dungeon (6/15)
 Temple: D:4-7

Altars:
Ru
Xom

Shops:
D:5 [

Annotations:
D:4 Grinder


Innate Abilities, Weirdness & Mutations

You cannot wear armour.
You are incapable of wielding weapons or throwing items.
Your paws allow you to move quietly. (Stealth)
You have sharp claws.
You have razor-sharp teeth.
You have supernaturally acute eyesight. (SInv)
You cover ground quickly.
You are covered in fur. (AC +1)
Your sharp claws are effective at attacking unaware monsters.


Message History

A frilled lizard comes into view.
You see here a scroll labelled SIRPHA EKLO.
Found 14 gold pieces.
The helpless frilled lizard fails to defend itself.
You mangle the frilled lizard!!
You kill the frilled lizard!
Grinder comes into view.
An orc comes into view. It is wielding a +0 club.
You pounce on the unaware helpless Grinder!
You mangle Grinder!! You bite Grinder.
Grinder is almost dead.
Grinder gestures at you. Pain shoots through your body!
Ouch! That really hurt!
You scratch Grinder but do no damage.
Grinder is almost dead.
Grinder gestures at you.
You suddenly lose the ability to move!
Grinder hits you!
You die...

#....##...#
#....##...#
#.†........
#..........
#...$......
#....######
#....##...#
#..........
#..@.....o.
#.5.#####+#
#...#
#....#
#....+
##...#
#...# #...#


You could see Grinder and an orc (asleep).

Vanquished Creatures
  A bullfrog (D:6)
  2 hounds (D:6)
  An orc priest (D:5)
  An iguana (D:6)
  A hound skeleton (D:5)
  An ufetubus (D:5)
  2 orcs (D:5)
  A giant cockroach (D:5)
  6 jackals (D:5)
  A frilled lizard (D:4)
  A leopard gecko skeleton (D:5)
18 creatures vanquished.

Notes
Turn   | Place    | Note
-------+----------+-------------------------------------------
     0 | D:5      | Descartes the Felid Delver began the quest for the Orb.
     0 | D:5      | Reached XP level 1. HP: 10/10 MP: 2/2
    14 | D:5      | Reached skill level 7 in Stealth
    14 | D:5      | Reached XP level 2. HP: 14/14 MP: 3/3
    39 | D:5      | Found Duos Tia's Antique Armour Emporium.
    47 | D:5      | Noticed a centaur
    57 | D:5      | Noticed a phantom
   115 | D:6      | Reached skill level 8 in Stealth
   115 | D:6      | Reached XP level 3. HP: 8/17 MP: 4/4
   116 | D:6      | Noticed a bullfrog
   120 | D:6      | Reached XP level 4. HP: 10/21 MP: 5/5
   124 | D:6      | Killed a bullfrog
   125 | D:6      | Reached skill level 9 in Stealth
   134 | D:6      | Found a shimmering altar of Xom.
   136 | D:6      | Found a shimmering altar of Xom.
   138 | D:6      | Found a shimmering altar of Xom.
   138 | D:6      | Found a shimmering altar of Xom.
   140 | D:6      | Reached XP level 5. HP: 13/24 MP: 6/6
   145 | D:6      | Noticed a sky beast
   194 | D:5      | Slain by a phantom
   195 | D:5      | Reached XP level 4. HP: -3/21 MP: 5/5
   514 | D:5      | Found a sacrificial altar of Ru.
   591 | D:4      | Noticed Grinder
   599 | D:4      | Paralysed by Grinder for 6 turns
   600 | D:4      | Slain by Grinder

Illustrated notes

Levels and vault maps discovered:
D:4:      layout_gridville, kennysheep_mini, lemuel_crystal_altar,
          kiku_gazebo_pond_becter, minmay_temple_entry_stoned_glass,
          uniq_grinder
D:5:      layout_gridville, nicolae_ru_awakened_eye, serial_shops, shop,
          chequers_serial_rivers_small_b
D:6:      layout_basic, dancing_weapons_uskayaw, xom_redecorated,
          lemuel_crystal_altar

Skill      XL: |  1  2  3  4 |
---------------+-------------+-----
Stealth        | 7 8 9 |  9.9
Dodging        | 3 |  3.3
Fighting       | |  3.0
Unarmed Combat | |  2.4

Action                   |  1- 3 |  4- 6 || total
-------------------------+-------+-------++-------
Melee: Unarmed           |     5 |    42 ||    47
       Bite              |       |     3 ||     3
  Use: Potion            |       |     1 ||     1
 Stab: Sleeping          |     3 |     7 ||    10
       Distracted        |       |     1 ||     1
Armor: Skin              |       |     1 ||     1
Dodge: Dodged            |     3 |    38 ||    41

Table legend: (Time is in decaauts)
 A = Elapsed time spent in this place.
 B = Non-inter-level travel time spent in this place.
 C = Inter-level travel time spent in this place.
 D = Time resting spent in this place.
 E = Time spent auto-exploring this place.
 F = Levels seen in this place.
 G = Mean time per level.
                   A        B        C        D        E       F      G
               +--------+--------+--------+--------+--------+-----+--------+
         Total |    536 |    521 |     15 |    199 |     79 |   3 |  178.7 |
       Dungeon |    536 |    521 |     15 |    199 |     79 |   3 |  178.7 |
               +--------+--------+--------+--------+--------+-----+--------+

Top non-repeatable levels by time:
     D:5: 473 daAuts
     D:6: 39 daAuts
     D:4: 24 daAuts
